 Dungeon Crawl Stone Soup version 0.18.1-1-g2f07953 (webtiles) character file.

30439 kspaans the Severer (level 13, -8/122 HPs)
             Began as a Minotaur Berserker on May 17, 2016.
             Was a High Priest of Trog.
             Drowned by a drowned soul (17 damage)
             ... summoned by a merfolk avatar
             ... on level 1 of the Shoals.
             The game lasted 02:15:28 (19397 turns).

kspaans the Severer (Minotaur Berserker)           Turns: 19397, Time: 02:15:32

Health: -8/122     AC: 24    Str: 23    XL:     13   Next: 20%
Magic:  4/4        EV: 10    Int:  4    God:    Trog [*****.]
Gold:   392        SH:  0    Dex: 14    Spells: 0 memorised, 12 levels left

rFire  x . .     SeeInvis .     a - +2 executioner's axe (antimagic)
rCold  + . .     Gourm    .     N - +0 plate armour
rNeg   . . .     Faith    .     (shield currently unavailable)
rPois  +         Spirit   .     (helmet restricted)
rElec  .         Dismiss  .     t - +2 cloak
rCorr  .         Reflect  .     A - +0 pair of gloves
SustAt .         Harm     .     Y - +0 pair of boots
MR     .....                    Z - amulet of magic regeneration
Stlth  ..........               H - ring of ice
                                S - ring of poison resistance

@: mesmerised, not resistant to hostile enchantments, extremely unstealthy
A: retaliatory headbutt, horns 2
a: Berserk, Trog's Hand, Brothers in Arms, Burn Spellbooks, Renounce Religion


You were on level 1 of the Shoals.
You worshipped Trog.
Trog was extremely pleased with you.
You were not hungry.

You visited 4 branches of the dungeon, and saw 18 of its levels.

You collected 829 gold pieces.
You spent 437 gold pieces at shops.

Inventory:

Hand Weapons
 a - a +2 antimagic executioner's axe (weapon)
 b - a +2 scimitar of flaming
 f - a +0 shortbow
 j - a +0 great sword of pain
 o - a +0 battleaxe
 I - a +1 battleaxe of freezing
 R - a +0 blowgun
Missiles
 h - 218 arrows
 s - 77 poisoned needles
 K - 7 needles of frenzy
 P - 3 curare-tipped needles
Armour
 t - a +2 cloak (worn)
 A - a +0 pair of gloves (worn)
 B - a troll hide
 N - a +0 plate armour (worn)
 Y - a +0 pair of boots (worn)
Jewellery
 z - a +2 ring of intelligence
 H - a ring of ice (right hand)
 S - a ring of poison resistance (left hand)
 X - an uncursed ring of protection from fire
 Z - an amulet of magic regeneration (around neck)
Wands
 i - a wand of paralysis (17/24)
 n - a wand of lightning (4/15)
 q - a wand of acid (2/15)
 r - a wand of digging (9/24)
 W - a wand of iceblast (0/15)
Scrolls
 d - a scroll of enchant armour
 p - 2 scrolls of fear
 C - a scroll of fog
 M - a scroll of enchant weapon {unknown}
 Q - a scroll of teleportation
 V - a scroll of blinking {unknown}
Potions
 e - 2 potions of ambrosia {unknown}
 k - a potion of resistance
 m - a potion of flight
 u - a potion of degeneration {unknown}
 v - a potion of brilliance {unknown}
 x - a potion of heal wounds
 D - 3 potions of agility {unknown}
 E - 3 potions of berserk rage
 F - a potion of cancellation {unknown}
 G - a potion of might {unknown}
 L - 3 potions of curing
 O - a potion of mutation {unknown}
Miscellaneous
 g - an ornate deck of changes
 y - a box of beasts
 T - a disc of storms
Comestibles
 c - 9 bread rations
 l - 4 fruits
 w - 7 meat rations
 J - 3 chunks of flesh
 U - 4 slices of pizza


   Skills:
 * Level 13.6 Fighting
 * Level 15.5 Axes
   Level 0.5(10.4) Maces & Flails
 + Level 1.2 Bows
 * Level 15.4 Armour
 + Level 5.3 Dodging
 - Level 0.1 Stealth
 * Level 1.5 Evocations


You had 12 spell levels left.
You didn't know any spells.

Dungeon Overview and Level Annotations

Branches:
Dungeon (11/15)            Temple (1/1) D:4            Lair (5/8) D:8
 Shoals (1/4) Lair:4          Orc (0/2) D:10
  Snake: Lair:3-6    Spider: Lair:3-6

Altars:
Dithmenos
Fedhas
Gozag
Kikubaaqudgha
Makhleb
Sif Muna
Vehumet
Xom
Zin
The Shining One

Shops:
D:4 }   D:5 *:*=%   D:7 }   D:8 !   D:11 ?

Annotations:
D:3 1 runed door
D:11 exclusion: electric eel


Innate Abilities, Weirdness & Mutations

You reflexively headbutt those who attack you in melee.
You have a pair of horns on your head.


Message History

The drowned soul drowns you!
* * * LOW HITPOINT WARNING * * *
The merfolk hits you from afar with a trident!
* * * LOW HITPOINT WARNING * * *
The merfolk avatar falters for a moment.
You closely miss the merfolk avatar.
Your headbutt misses the merfolk avatar.
The merfolk avatar is almost dead.
You hit the plant.
The plant is severely damaged.
The merfolk hits you but does no damage.
The merfolk avatar falters for a moment.
You slash the plant! You headbutt the plant.
You destroy the plant!
You closely miss the merfolk avatar.
The merfolk avatar is almost dead.
The merfolk hits you from afar with a trident.
* * * LOW HITPOINT WARNING * * *
The drowned soul touches you. The drowned soul drowns you!
You die...

≈≈≈≈≈≈≈≈≈≈≈≈≈≈≈
≈≈≈≈≈≈≈≈≈≈≈≈≈≈≈≈
≈≈≈≈≈≈≈≈≈≈≈≈≈≈P≈
≈≈≈≈≈≈≈≈≈≈≈≈≈≈≈≈≈
≈≈≈≈W≈≈≈≈≈≈≈≈≈≈≈≈
≈≈≈≈≈≈≈≈≈≈≈≈≈≈≈≈≈
≈≈≈≈≈≈≈.≈W≈m≈≈≈≈≈≈≈
≈≈≈≈≈≈..m≈@≈≈≈≈≈≈≈≈
≈≈≈≈≈.###..≈≈≈≈PPPP≈≈P≈≈≈≈≈
≈≈≈≈≈. ##..PP.PPP≈PP≈≈≈P≈≈≈
≈≈≈≈..##......P.PPPP≈P≈≈P≈≈
≈≈≈≈.....≈.###..≈P.P≈.≈≈≈≈≈
≈≈≈≈≈.....## #P≈≈PP.≈≈≈≈.≈
≈≈≈≈≈≈≈.### #..≈...≈≈...≈
≈≈≈≈≈≈≈.# #.≈...≈≈.....
≈≈≈≈≈≈≈.##### #.....≈≈..<..


You could see a merfolk avatar, a merfolk and 2 drowned souls.

Vanquished Creatures
  Maud (Lair:3)
  Fannar (Lair:2)
  4 hydras
  Erica (D:10)
  The ghost of aurelian the Destroyer, a journeyman TeCj of Vehumet (D:10)
  Sonja (Lair:2)
  A hill giant (D:11)
  3 black mambas
  3 elephants (Lair:4)
  5 spiny frogs
  A rime drake (Lair:1)
  3 komodo dragons
  A merfolk (Shoals:1)
  The ghost of Darkking666 the Skirmisher, an amateur MiBe of Trog (D:4)
  Prince Ribbit (D:9)
  2 trolls
  9 blink frogs
  A slime creature (D:7)
  Sigmund (D:8)
  31 yaks
  3 wyverns
  A basilisk (Lair:1)
  A hog (D:7)
  A human (D:7)
  5 hippogriffs
  A hungry ghost (D:9)
  7 water moccasins
  9 porcupines
  3 orc warriors
  3 sky beasts
  2 ice beasts (D:11)
  3 black bears
  An eye of draining (D:9)
  A necrophage (D:5)
  7 ogres
  3 phantoms
  3 wolves (Lair:3)
  9 crocodiles
  7 centaurs
  2 big kobolds
  9 giant frogs
  A scorpion (D:6)
  An electric eel (Lair:2)
  5 wights (D:7)
  4 howler monkeys
  13 jellies
  7 crimson imps
  2 centaur skeletons
  8 hounds
  7 orc wizards
  4 orc priests
  Ijyb (D:2)
  5 worker ants
  Natasha (thrice) (D:4)
  7 iguanas
  8 sheep
  A hound zombie (D:5)
  A hound skeleton (D:5)
  14 adders
  6 gnolls
  19 river rats
  A shadow imp (D:6)
  12 oozes (D:7)
  An adder zombie (D:6)
  2 worms
  2 dart slugs
  5 giant geckos
  42 orcs
  4 giant cockroaches
  3 goblins
  7 hobgoblins
  15 kobolds
  4 quokkas
  A ball python (D:4)
  8 bats
  A giant gecko zombie (D:5)
  3 giant newts
  5 rats
  A fungus (Lair:4)
  A plant (Shoals:1)
388 creatures vanquished.

Vanquished Creatures (collateral kills)
  The ghost of DontEatSquishyFish the Transmogrifier, a journeyman OpTm of Gozag (D:11)
  Harold (D:10)
  A cyclops (D:10)
  A hornet zombie (D:10)
  A wraith (D:9)
  A yak (D:11)
  A basilisk (Lair:2)
  An ice beast (D:11)
  A necrophage (D:10)
  An ogre (D:10)
  2 crocodiles
  A giant frog (D:11)
  5 wights
  A crimson imp (D:11)
  A hound (D:10)
  An iguana (D:10)
  2 river rats (Lair:1)
  2 orcs
  A butterfly (D:9)
26 creatures vanquished.

Vanquished Creatures (others)
  An adder (D:11)
  8 fungi
  2 plants (Lair:3)
11 creatures vanquished.

Grand Total: 425 creatures vanquished

Notes
Turn   | Place    | Note
--------------------------------------------------------------
     0 | D:1      | kspaans the Minotaur Berserker began the quest for the Orb.
     0 | D:1      | Reached XP level 1. HP: 19/19 MP: 0/0
   362 | D:1      | Reached XP level 2. HP: 21/27 MP: 1/1
   974 | D:2      | Reached ** piety under Trog
  1001 | D:2      | Reached XP level 3. HP: 34/34 MP: 2/2
  1194 | D:2      | Noticed Ijyb
  1200 | D:2      | Killed Ijyb
  1365 | D:2      | Reached XP level 4. HP: 41/41 MP: 3/3
  1381 | D:2      | Found a deep blue altar of Sif Muna.
  1790 | D:3      | Found a glowing silver altar of Zin.
  1790 | D:3      | Noticed an angel
  1832 | D:3      | Found a runed door.
  2099 | D:3      | Reached skill level 5 in Axes
  2207 | D:3      | Reached skill level 5 in Fighting
  2207 | D:3      | Reached XP level 5. HP: 44/48 MP: 4/4
  2216 | D:3      | Reached *** piety under Trog
  2747 | D:4      | Found Pinemn's Gadget Boutique.
  2816 | D:4      | Noticed Darkking666's ghost (amateur MiBe)
  2828 | D:4      | Killed Darkking666's ghost
  2828 | D:4      | Reached skill level 5 in Armour
  2828 | D:4      | Reached XP level 6. HP: 56/56 MP: 5/5
  2832 | D:4      | Reached XP level 7. HP: 61/61 MP: 6/6
  2947 | D:4      | Noticed Natasha
  2952 | D:4      | Killed Natasha
  3043 | D:5      | Entered Level 5 of the Dungeon
  3095 | D:4      | Found a staircase to the Ecumenical Temple.
  3105 | D:4      | Noticed Natasha
  3105 | Temple   | Entered the Ecumenical Temple
  3114 | D:4      | Killed Natasha
  3364 | D:5      | Noticed Sigmund
  3474 | D:4      | Found a shadowy altar of Dithmenos.
  3623 | D:4      | Noticed Natasha
  3628 | D:4      | Killed Natasha
  3819 | D:5      | Found Quh Jocs's Assorted Antiques.
  3849 | D:5      | Found Hushin's Jewellery Shop.
  3915 | D:5      | Found Jule's Food Shop.
  3988 | D:5      | Reached XP level 8. HP: 70/70 MP: 7/7
  4142 | D:5      | Found Inumao Vixke's Book Shoppe.
  4438 | D:5      | Found Lurphajue's Assorted Antiques.
  4443 | D:5      | Found a glowing golden altar of the Shining One.
  4457 | D:5      | Reached **** piety under Trog
  4621 | D:5      | Bought a battleaxe for 201 gold pieces
  4703 | D:5      | Found a burning altar of Makhleb.
  5878 | D:6      | Reached XP level 9. HP: 65/78 MP: 8/8
  5978 | D:5      | Bought a scroll labeled XUNAREGRUYLA for 31 gold pieces
  6543 | D:7      | Found Razomeur's Quality Used Wands.
  7308 | D:7      | Reached skill level 10 in Armour
  7319 | D:7      | Reached ***** piety under Trog
  7319 | D:7      | Reached skill level 10 in Axes
  7403 | D:7      | Found a blossoming altar of Fedhas.
  7536 | D:7      | Reached XP level 10. HP: 75/90 MP: 9/9
  7892 | D:8      | Killed Sigmund
  7902 | D:8      | Found a shadowy altar of Dithmenos.
  7902 | D:8      | Found a staircase to the Lair.
  7968 | D:8      | Found Dituanamp's Distillery.
  7979 | D:8      | Bought a potion of curing for 30 gold pieces
  8142 | D:8      | Received a gift from Trog
  8728 | D:10     | Entered Level 10 of the Dungeon
  8866 | D:9      | Found a shimmering altar of Xom.
  8884 | D:9      | Received a gift from Trog
  8908 | D:9      | Found an ancient bone altar of Kikubaaqudgha.
  8908 | D:9      | Found a radiant altar of Vehumet.
  9057 | D:9      | Reached skill level 10 in Fighting
  9350 | D:9      | Noticed Prince Ribbit
  9355 | D:9      | Killed Prince Ribbit
  9529 | D:9      | Found an opulent altar of Gozag.
 10202 | D:9      | Reached XP level 11. HP: 100/100 MP: 10/10
 10566 | D:10     | Noticed Erica
 10579 | D:10     | Killed Erica
 10828 | D:11     | Found Lazxec's Magic Scroll Emporium.
 11018 | D:10     | Noticed Harold
 11022 | D:10     | Noticed aurelian's ghost (journeyman TeCj)
 11036 | D:10     | Killed aurelian's ghost
 11036 | D:10     | Reached skill level 5 in Dodging
 11058 | D:10     | Killed Harold
 11438 | D:10     | Found a staircase to the Orcish Mines.
 11748 | D:5      | Bought a scroll of remove curse for 93 gold pieces
 11856 | Lair:1   | Entered Level 1 of the Lair of Beasts
 12032 | D:5      | Bought a scroll labeled AROAPP QUCROIL for 31 gold pieces
 12169 | D:11     | Noticed DontEatSquishyFish's ghost (journeyman OpTm)
 12179 | D:11     | Noticed a hill giant
 12183 | D:11     | Killed DontEatSquishyFish's ghost
 12191 | D:11     | Killed a hill giant
 12690 | D:11     | Bought a scroll of remove curse for 51 gold pieces
 13270 | Lair:1   | Reached XP level 12. HP: 88/112 MP: 3/11
 15161 | Lair:2   | Noticed Sonja
 15212 | Lair:2   | Killed Sonja
 15514 | Lair:2   | Noticed Fannar
 15526 | Lair:2   | Killed Fannar
 16732 | Lair:3   | Noticed a five-headed hydra
 16779 | Lair:3   | Killed a one-headed hydra
 17084 | Lair:3   | Noticed Maud
 17092 | Lair:3   | Killed Maud
 17092 | Lair:3   | Reached skill level 15 in Axes
 17314 | Lair:3   | Noticed a five-headed hydra
 17330 | Lair:3   | Killed a one-headed hydra
 17330 | Lair:3   | Reached skill level 1 in Bows
 17330 | Lair:3   | Reached skill level 15 in Armour
 17683 | Lair:3   | Received a gift from Trog
 17708 | Lair:3   | Reached XP level 13. HP: 119/122 MP: 4/12
 18232 | Lair:4   | Found a staircase to the Shoals.
 18341 | Lair:4   | Reached skill level 1 in Evocations
 19305 | Shoals:1 | Entered Level 1 of the Shoals
 19397 | Shoals:1 | Drowned by a drowned soul

Skill      XL: |  1  2  3  4  5  6  7  8  9 10 11 12 13 |
---------------+----------------------------------------+-----
Fighting       | 4 5 6 7 9 10 11 13 | 13.6
Axes           | 4 5 6 7 8 10 12 13 15 | 15.5
Armour         | 3 5 7 9 10 11 13 15 | 15.4
Dodging        | 3 4 5 |  5.3
Bows           | 1 |  1.2
Evocations     | 1 |  1.5
Maces & Flails | |  0.5
Stealth        | |  0.1

Action                   |  1- 3 |  4- 6 |  7- 9 | 10-12 | 13-15 || total
-------------------------+-------+-------+-------+-------+-------++-------
Melee: Hand axe          |    61 |   100 |    98 |   166 |       ||   425
       Headbutt          |     9 |    23 |    62 |   128 |    28 ||   250
       Battleaxe         |       |       |   205 |   415 |       ||   620
       Dire flail        |       |       |       |    45 |       ||    45
       Scimitar          |       |       |       |    20 |    15 ||    35
       Executioner's axe |       |       |       |     3 |    76 ||    79
 Fire: Shortbow          |       |       |       |    14 |     2 ||    16
Invok: Berserk           |     1 |     1 |     7 |    10 |     1 ||    20
       Burn Spellbooks   |       |       |     1 |     1 |       ||     2
       Brothers in Arms  |       |       |       |    10 |       ||    10
Evoke: Wand              |       |       |       |     2 |       ||     2
  Use: Scroll            |       |     2 |     2 |    21 |       ||    25
       Potion            |       |       |       |     5 |     2 ||     7
 Stab: Sleeping          |     1 |       |       |       |       ||     1
  Eat: Chunk             |     2 |     5 |    10 |    25 |     3 ||    45
       Beef jerky        |       |       |     4 |     1 |     1 ||     6
       Bread ration      |       |       |     2 |     1 |       ||     3
       Pizza             |       |       |       |     7 |       ||     7
       Fruit             |       |       |       |     2 |     1 ||     3
       Royal jelly       |       |       |       |       |     1 ||     1
Armor: Animal skin       |     7 |       |       |       |       ||     7
       Robe              |     3 |       |       |       |       ||     3
       Scale mail        |     1 |    19 |       |       |       ||    20
       Chain mail        |       |    13 |   110 |       |       ||   123
       Plate armour      |       |       |    30 |   373 |   117 ||   520
Dodge: Dodged            |    40 |    53 |   123 |   267 |    73 ||   556
